Map: Bel'Shir Vestige LE (Void)

Players

NORTHAMERICA - Winner!

  • Race: Protoss Protoss
  • League: Grandmaster
  • Spawn Location: 11:00

iGMacSed (MacSed)

  • Race: Protoss Protoss
  • League: Grandmaster
  • Spawn Location: 5:00

VOD

Have the link to the VOD?

Description

Time

  • Played on: Feb. 24, 2017, 1:18 a.m.
  • Length: 13:14
Show
View Real Time Build Order
Export as new Build Order

NORTHAMERICA Protoss - Winner!

Build Orders: Oracle Opening, Phoenix Opening 

Get SALT Encoding   

  12  0:01  Probe (Chrono Boost)  
  13  0:11  Probe (Chrono Boost)  
  14  0:18  Pylon  
  14  0:22  Probe (Chrono Boost)  
  15  0:36  Probe (Chrono Boost), Gateway  
  16  0:46  Probe (Chrono Boost)  
  16  0:47  Assimilator  
  17  0:52  Assimilator  
  18  0:57  Probe (Chrono Boost)  
  18  1:07  Probe (Chrono Boost)  
  19  1:14  Gateway  
  19  1:18  Probe (Chrono Boost)  
  20  1:24  Cybernetics Core  
  20  1:28  Probe (Chrono Boost)  
  21  1:34  Pylon  
  21  1:39  Probe (Chrono Boost)  
  22  1:50  Probe (Chrono Boost), Warp Gate  
  26  2:01  Probe (Chrono Boost), Adept x2  
  28  2:15  Mothership Core (Chrono Boost), Pylon  
  30  2:33  Adept x2  
  30  2:35  Probe (Chrono Boost)  
  35  2:39  Stargate  
  35  2:50  Probe (Chrono Boost)  
  36  3:02  Probe (Chrono Boost)  
  37  3:19  Oracle  
  36  3:20  Nexus  
  36  3:23  Pylon  
  39  3:45  Probe (Chrono Boost)  
  37  3:55  Phoenix  
  37  4:02  Robotics Facility, Probe (Chrono Boost)  
  35  4:14  Probe (Chrono Boost)  
  35  4:16  Adept x2  
  40  4:17  Phoenix  
  42  4:26  Probe (Chrono Boost)  
  44  4:38  Probe (Chrono Boost)  
  44  4:39  Phoenix  
  46  4:48  Adept  
  46  4:49  Adept  
  46  4:51  Probe (Chrono Boost)  
  48  5:00  Phoenix  
  48  5:03  Probe (Chrono Boost)  
  47  5:09  Adept  
  47  5:10  Adept  
  52  5:15  Probe (Chrono Boost)  
  52  5:16  Pylon  
  50  5:24  Phoenix  
  53  5:36  Probe (Chrono Boost)  
  53  5:43  Probe (Chrono Boost)  
  53  5:46  Stalker x2  
  53  5:48  Probe (Chrono Boost)  
  59  5:53  Probe (Chrono Boost)  
  60  5:57  Observer  
  60  5:58  Probe (Chrono Boost)  
  60  6:02  Gateway  
  63  6:04  Probe (Chrono Boost)  
  63  6:10  Probe (Chrono Boost)  
  64  6:14  Probe (Chrono Boost), Immortal  
  69  6:22  Probe (Chrono Boost)  
  67  6:37  Assimilator  
  67  6:39  Pylon  
  67  6:41  Assimilator  
  67  6:42  Gateway  
  67  6:43  Pylon  
  67  6:50  Probe (Chrono Boost)  
  67  6:52  Immortal, Pylon  
  67  6:53  Pylon  
  68  6:59  Probe (Chrono Boost)  
  71  7:14  Probe x2 (Chrono Boost)  
  71  7:15  Robotics Bay  
  69  7:26  Probe (Chrono Boost), Immortal, Gateway  
  69  7:27  Gateway  
  70  7:32  Adept  
  76  7:43  Probe (Chrono Boost)  
  75  7:49  Void Ray  
  73  7:55  Adept x2  
  73  7:56  Adept  
  83  8:19  Twilight Council  
  83  8:20  Nexus  
  83  8:26  Forge  
  83  8:31  Robotics Facility  
  81  8:46  Adept x2  
  81  8:47  Adept x2  
  89  8:50  Probe (Chrono Boost)  
  90  8:56  Blink  
  90  9:00  Disruptor  
  90  9:03  Protoss Ground Weapons Level 1  
  90  9:07  Probe (Chrono Boost)  
  94  9:15  Disruptor  
  94  9:19  Probe (Chrono Boost)  
  98  9:27  Gateway  
  98  9:28  Probe (Chrono Boost)  
  98  9:30  Pylon  
  99  9:32  Stalker  
  101  9:38  Pylon  
  101  9:40  Disruptor, Stalker  
  107  9:46  Probe (Chrono Boost)  
  107  9:48  Probe x2 (Chrono Boost)  
  107  9:58  Probe (Chrono Boost)  
  107  9:59  Disruptor  
  109  10:00  Probe (Chrono Boost)  
  109  10:01  Pylon  
  109  10:15  Probe (Chrono Boost)  
  109  10:17  Phoenix  
  109  10:20  Photon Cannon  
  109  10:21  Photon Cannon  
  109  10:28  Pylon  
  110  10:29  Probe (Chrono Boost)  
  110  10:30  Probe (Chrono Boost), Stalker  
  110  10:34  Disruptor x2  
  116  10:38  Probe (Chrono Boost)  
  120  10:45  Probe (Chrono Boost)  
  120  10:46  Assimilator  
  121  10:52  Assimilator  
  121  10:56  Probe (Chrono Boost)  
  121  11:00  Probe (Chrono Boost)  
  121  11:02  Photon Cannon  
  120  11:10  Observer  
  117  11:25  Stalker x4  
  120  11:26  Stalker  
  120  11:28  Photon Cannon  
  120  11:31  Photon Cannon  
  126  11:36  Disruptor  
  126  11:41  Disruptor  
  132  11:47  Pylon  
  132  11:54  Stalker  
  132  11:55  Stalker x2  
  138  12:11  Stalker x4  
  144  12:17  Disruptor  
  144  12:22  Stalker  
  149  12:26  Stalker  
  151  12:30  Disruptor  
  114  12:52  Stalker  
  114  12:53  Stalker x3  
Show
View Real Time Build Order
Export as new Build Order

iGMacSed Protoss 

Build Orders: Oracle Opening 

Get SALT Encoding   

  12  0:00  Probe (Chrono Boost)  
  13  0:11  Probe (Chrono Boost)  
  14  0:17  Pylon  
  14  0:21  Probe (Chrono Boost)  
  15  0:35  Probe (Chrono Boost), Gateway  
  16  0:40  Assimilator  
  16  0:45  Probe (Chrono Boost)  
  17  0:51  Assimilator  
  17  0:56  Probe (Chrono Boost)  
  18  1:06  Gateway  
  18  1:07  Probe (Chrono Boost)  
  19  1:17  Probe (Chrono Boost)  
  20  1:22  Cybernetics Core  
  20  1:28  Probe (Chrono Boost)  
  20  1:31  Pylon  
  21  1:38  Probe (Chrono Boost)  
  22  1:49  Probe (Chrono Boost)  
  22  1:52  Warp Gate  
  23  1:58  Adept x2  
  29  2:05  Pylon  
  29  2:15  Stargate  
  27  2:20  Probe (Chrono Boost)  
  28  2:25  Adept x2  
  32  2:31  Pylon  
  33  2:38  Probe (Chrono Boost)  
  33  2:53  Oracle  
  33  2:54  Adept x2  
  40  3:18  Mothership Core (Chrono Boost)  
  42  3:36  Nexus  
  38  4:00  Probe (Chrono Boost)  
  41  4:03  Pylon  
  41  4:12  Probe (Chrono Boost)  
  40  4:17  Adept x2, Twilight Council  
  40  4:22  Probe (Chrono Boost)  
  45  4:29  Phoenix  
  43  4:34  Probe (Chrono Boost)  
  43  4:37  Stalker  
  44  4:46  Probe (Chrono Boost)  
  44  4:50  Probe (Chrono Boost)  
  44  4:55  Blink  
  44  4:58  Probe (Chrono Boost)  
  45  5:01  Probe (Chrono Boost)  
  46  5:10  Probe (Chrono Boost)  
  46  5:11  Probe (Chrono Boost)  
  43  5:22  Probe (Chrono Boost)  
  43  5:26  Stalker x2  
  43  5:30  Probe (Chrono Boost)  
  42  5:40  Probe (Chrono Boost)  
  43  5:49  Stalker x2  
  47  5:52  Probe (Chrono Boost)  
  47  5:53  Probe (Chrono Boost)  
  50  6:05  Probe (Chrono Boost)  
  50  6:07  Robotics Facility  
  50  6:08  Probe (Chrono Boost)  
  50  6:30  Stalker x2  
  54  6:35  Probe (Chrono Boost)  
  54  6:36  Probe (Chrono Boost)  
  53  6:45  Probe (Chrono Boost)  
  55  6:48  Probe (Chrono Boost)  
  55  6:49  Resonating Glaives  
  55  6:50  Pylon  
  55  6:56  Probe (Chrono Boost)  
  55  6:59  Stalker  
  55  7:00  Probe (Chrono Boost), Stalker  
  61  7:06  Probe (Chrono Boost)  
  58  7:13  Probe (Chrono Boost)  
  59  7:17  Probe (Chrono Boost)  
  60  7:25  Probe (Chrono Boost), Nexus  
  60  7:27  Probe (Chrono Boost)  
  62  7:33  Observer  
  64  7:37  Probe (Chrono Boost)  
  64  7:38  Probe (Chrono Boost), Pylon  
  65  7:49  Probe x2 (Chrono Boost)  
  63  7:52  Immortal  
  63  7:56  Sentry x2  
  69  7:59  Probe (Chrono Boost), Gateway  
  69  8:01  Probe (Chrono Boost)  
  71  8:06  Gateway  
  71  8:11  Gateway  
  70  8:17  Gateway x2  
  70  8:20  Gateway  
  70  8:25  Sentry  
  70  8:26  Assimilator  
  72  8:32  Adept  
  74  8:36  Probe (Chrono Boost)  
  74  8:43  Probe (Chrono Boost)  
  75  8:49  Adept  
  77  9:03  Pylon x2  
  77  9:05  Assimilator  
  77  9:07  Pylon  
  77  9:12  Dark Shrine  
  77  9:16  Warp Prism  
  79  9:30  Nexus  
  79  9:38  Pylon  
  79  9:43  Probe (Chrono Boost)  
  79  9:45  Probe (Chrono Boost)  
  79  9:54  Probe (Chrono Boost)  
  79  9:55  Pylon  
  79  9:57  Probe (Chrono Boost)  
  81  10:01  Adept  
  81  10:02  Adept  
  81  10:04  Probe (Chrono Boost)  
  86  10:09  Adept x2  
  89  10:21  Probe (Chrono Boost)  
  90  10:25  Probe (Chrono Boost)  
  90  10:26  Dark Templar  
  90  10:27  Dark Templar x2  
  97  10:37  Adept x4  
  97  10:38  Adept, Immortal  
  97  10:41  Probe (Chrono Boost)  
  113  10:43  Probe x2 (Chrono Boost)  
  113  10:45  Phoenix  
  110  10:59  Probe x2 (Chrono Boost)  
  112  11:07  Phoenix  
  114  11:22  Dark Templar  
  114  11:25  Immortal  
  118  11:28  Stargate  
  118  11:29  Phoenix  
  118  11:31  Assimilator x2  
  120  11:32  Forge  
  120  11:33  Adept x5  
  130  11:50  Probe (Chrono Boost), Phoenix  
  130  11:53  Pylon x2  
  133  12:02  Pylon  
  133  12:03  Pylon  
  133  12:11  Probe (Chrono Boost)  
  133  12:13  Photon Cannon  
  134  12:19  Adept x7  
  134  12:20  Adept  
  146  12:42  Phoenix  
  96  13:01  Adept x8  
Tags
 
Add a new tag
Caveats
  • Supply blocks, unpowered buildings, or Contaminate may cause inaccurate times.
  • Supply counts are checked every 10 seconds.